 Dungeon Crawl Stone Soup version 0.30.1-9-gdf580d7c3d (webtiles) character file.

Game seed: 13487235611833101712

656825 Ivernyr the Swordmaster (level 27, -1/217 HPs)
             Began as a Formicid Gladiator on Oct 3, 2023.
             Was the Champion of Wu Jian.
             Killed by divine providence
             ... invoked by a smoke demon
              (14 damage)
             ... on level 3 of the Abyss on Oct 4, 2023.
             The game lasted 04:51:53 (66813 turns).

Ivernyr the Swordmaster (Formicid Gladiator)       Turns: 66813, Time: 04:51:53

Health: -1/217     AC: 44    Str: 28    XL:     27
Magic:  23/23      EV: 32    Int: 13    God:    Wu Jian [******]
Gold:   6329       SH: 28    Dex: 31    Spells: 26/26 levels left

rFire   + . .        Q - +9 great sword (holy)
rCold   + + +        O - +2 shield of Resistance {rF++ rC++ Will++}
rNeg    + + +        b - +10 storm dragon scales {Bai Suzhen}
rPois   +            (helmet unavailable)
rElec   +            t - +1 cloak of Impressiveness {Regen+ rCorr}
rCorr   +            u - +2 pair of gloves {Str+3}
SInv    +            w - +2 pair of boots {Fly}
Will    ++++.        S - amulet of Awkiamo {Reflect rN+ Str+4 Int+2 SH+5} Stlth
                     v - ring "Ycuun" {Ice rN++ Int-2}
HPRegen 0.00/turn    y - ring of Tuegarur {rCorr Int+3 Dex+6 SInv}
MPRegen 0.18/turn

%: reflection
@: flying, inhibited regen
A: permanent stasis, dig shafts and tunnels, antennae 3, four strong arms,
hooves 1, iridescent scales 1, frail 1, poison resistance, inhibited
regeneration, wild magic 1, sturdy frame 1
}: 3/15 runes: decaying, silver, gossamer
a: Dig, Shaft Self, Renounce Religion, Wall Jump, Serpent's Lash, Heavenly Storm


You were on level 3 of the Abyss.
You worshipped Wu Jian.
Wu Jian was exalted by your worship.
You visited 11 branches of the dungeon, and saw 51 of its levels.
You visited the Abyss 1 time.
You also visited: Trove.

You collected 7498 gold pieces.
You spent 1169 gold pieces at shops.

Inventory:

Hand Weapons
 Q - a +9 great sword of holy wrath (weapon)
 R - a +3 great sword of electrocution
Missiles
 c - 4 throwing nets (quivered)
 d - 31 javelins
 L - 6 silver javelins
Armour
 b - +10 storm dragon scales (worn) {Bai Suzhen}
 t - the +1 cloak of Impressiveness (worn) {Regen+ rCorr}
   (You acquired it on level 11 of the Dungeon)

   Regen:     It increases your rate of health regeneration.
   rCorr:     It protects you from acid and corrosion.
 u - a +2 pair of gloves of strength (worn)
 w - a +2 pair of boots of flying (worn)
 O - the +2 shield of Resistance (worn) {rF++ rC++ Will++}
   (You found it on level 2 of the Elven Halls)

   rF:        It greatly protects you from fire.
   rC:        It greatly protects you from cold.
   Will:      It greatly increases your willpower.
 W - +0 gold dragon scales
Jewellery
 a - a ring of magical power
 v - the ring "Ycuun" (left hand) {Ice rN++ Int-2}
   (You took it off Josephina on level 3 of the Realm of Zot)

   [ring of ice]

   It enhances your ice magic.
   Int:       It affects your intelligence (-2).
   rF:        It makes you vulnerable to fire.
   rC:        It protects you from cold.
   rN:        It greatly protects you from negative energy.
 y - the ring of Tuegarur (right hand) {rCorr Int+3 Dex+6 SInv}
   (You found it on level 8 of the Dungeon)

   [ring of dexterity]

   Int:       It affects your intelligence (+3).
   Dex:       It affects your dexterity (+6).
   SInv:      It lets you see invisible.
   rCorr:     It protects you from acid and corrosion.
 F - the ring "Lafeop" {rF+ rN+ Will+ Str-4 Int+3}
   (You acquired it on level 3 of the Realm of Zot)

   [ring of protection from fire]

   Str:       It affects your strength (-4).
   Int:       It affects your intelligence (+3).
   rF:        It protects you from fire.
   rN:        It protects you from negative energy.
   Will:      It increases your willpower.
 I - a ring of poison resistance
 K - a +6 ring of dexterity
 S - the amulet of Awkiamo (around neck) {Reflect rN+ Str+4 Int+2 SH+5}
   (You bought it in a shop on level 4 of the Vaults)

   [amulet of reflection]

   It reflects blocked missile attacks.
   Str:       It affects your strength (+4).
   Int:       It affects your intelligence (+2).
   rN:        It protects you from negative energy.
   SH:        It affects your SH (+5).
 U - the ring "Erizxul" {rF+ rC+ Dex+2}
   (You took it off a skeletal warrior on level 2 of the Crypt)

   [ring of protection from fire]

   Dex:       It affects your dexterity (+2).
   rF:        It protects you from fire.
   rC:        It protects you from cold.
 V - a ring of protection from cold
Wands
 r - a wand of mindburst (72)
 s - a wand of flame (111)
 z - a wand of polymorph (21)
 E - a wand of acid (35)
 H - a wand of roots (85)
 P - a wand of paralysis (46)
 T - a wand of digging (35)
Scrolls
 e - 6 scrolls of enchant armour
 g - 8 scrolls of silence
 h - 8 scrolls of fear
 l - 11 scrolls of amnesia
 n - 8 scrolls of enchant weapon
 o - 4 scrolls of summoning
 x - 8 scrolls of poison
 A - 6 scrolls of magic mapping
 C - 6 scrolls of fog
 G - 6 scrolls of brand weapon
 J - 32 scrolls of identify
Potions
 f - 6 potions of heal wounds
 i - 7 potions of might
 j - 12 potions of ambrosia
 k - 8 potions of cancellation
 m - a potion of magic
 p - 32 potions of curing
 q - 10 potions of brilliance
 B - 3 potions of resistance
 D - 5 potions of lignification
 M - 5 potions of flight
 N - 6 potions of invisibility


   Skills:
 + Level 25.3 Fighting
 O Level 27 Long Blades
 - Level 2.0 Throwing
 + Level 25.3 Armour
 + Level 21.9 Dodging
 + Level 25.1 Shields


You had 26 spell levels left.
You didn't know any spells.
Your spell library contained the following spells:

 Spells                   Type           Power      Damage    Failure   Level
 Apportation              Tloc           0%         N/A       61%         1
 Kiss of Death            Conj/Necr      0%         2d5       61%         1
 Necrotise                Necr           0%         1d4       61%         1
 Sandblast                Erth           0%         2d4       61%         1
 Summon Small Mammal      Summ           0%         N/A       61%         1
 Cigotuvi's Dreadful Rot  Necr/Pois/Air  0%         N/A       73%         2
 Lesser Beckoning         Tloc           0%         N/A       73%         2
 Passwall                 Tmut/Erth      0%         N/A       73%         2
 Poisonous Vapours        Pois/Air       0%         N/A       73%         2
 Scorch                   Fire           0%         2d5       73%         2
 Static Discharge         Conj/Air       0%         2-2/arc   73%         2
 Sublimation of Blood     Necr           0%         N/A       73%         2
 Call Canine Familiar     Summ           0%         N/A       91%         3
 Confusing Touch          Hex            0%         N/A       91%         3
 Dazzling Flash           Conj/Hex       0%         N/A       91%         3
 Gell's Gravitas          Tloc           0%         N/A       91%         3
 Hailstorm                Conj/Ice       0%         3d3       91%         3
 Ignite Poison            Fire/Tmut/Pois 0%         N/A       91%         3
 Inner Flame              Hex/Fire       0%         N/A       91%         3
 Ozocubu's Armour         Ice            0%         N/A       91%         3
 Portal Projectile        Hex/Tloc       0%         N/A       91%         3
 Stone Arrow              Conj/Erth      0%         3d7       91%         3
 Summon Guardian Golem    Hex/Summ       0%         N/A       91%         3
 Teleport Other           Tloc           0%         N/A       91%         3
 Vampiric Draining        Necr           0%         2d6       91%         3
 Volatile Blastmotes      Fire/Tloc      0%         2d10      91%         3
 Airstrike                Air            0%         2d(0-16)  100%        4
 Animate Armour           Summ/Erth      0%         N/A       100%        4
 Animate Dead             Necr           0%         N/A       100%        4
 Cause Fear               Hex            0%         N/A       100%        4
 Dispel Undead            Necr           0%         3d6       100%        4
 Flame Wave               Conj/Fire      0%         2d4       100%        4
 Fulminant Prism          Conj/Hex       0%         3d5       100%        4
 Iskenderun's Mystic Bla  Conj/Tloc      0%         2d3       100%        4
 Leda's Liquefaction      Hex/Erth       0%         N/A       100%        4
 Passage of Golubria      Tloc           0%         N/A       100%        4
 Petrify                  Tmut/Erth      0%         N/A       100%        4
 Sticky Flame             Conj/Fire      0%         2d3       100%        4
 Summon Ice Beast         Ice/Summ       0%         N/A       100%        4
 Summon Lightning Spire   Summ/Air       0%         N/A       100%        4
 Agony                    Necr           0%         N/A       100%        5
 Arcjolt                  Conj/Air       0%         1d10      100%        5
 Blade Hands              Tmut           0%         N/A       100%        5
 Borgnjor's Vile Clutch   Necr/Erth      0%         N/A       100%        5
 Irradiate                Conj/Tmut      0%         3d11      100%        5
 Iskenderun's Battlesphe  Conj           0%         2d6       100%        5
 Lee's Rapid Deconstruct  Erth           0%         3d4*      100%        5
 Metabolic Englaciation   Hex/Ice        0%         N/A       100%        5
 Silence                  Hex/Air        0%         N/A       100%        5
 Summon Forest            Summ/Tloc      0%         N/A       100%        5
 Summon Mana Viper        Hex/Summ       0%         N/A       100%        5
 Yara's Violent Unravell  Hex/Tmut       0%         3d3       100%        5
 Conjure Ball Lightning   Conj/Air       0%         3x3d6     100%        6
 Death Channel            Necr           0%         N/A       100%        6
 Dispersal                Tloc           0%         N/A       100%        6
 Iron Shot                Conj/Erth      0%         9d1       100%        6
 Simulacrum               Ice/Necr       0%         N/A       100%        6
 Starburst                Conj/Fire      0%         6d3       100%        6
 Statue Form              Tmut/Erth      0%         N/A       100%        6
 Summon Cactus Giant      Summ           0%         N/A       100%        6
 Enfeeble                 Hex            0%         N/A       100%        7
 Haunt                    Necr/Summ      0%         N/A       100%        7
 Malign Gateway           Summ/Tloc      0%         N/A       100%        7
 Monstrous Menagerie      Summ           0%         N/A       100%        7
 Orb of Destruction       Conj           0%         9d5       100%        7
 Spellforged Servitor     Conj/Summ      0%         N/A       100%        7
 Borgnjor's Revivificati  Necr           0%         N/A       100%        8
 Discord                  Hex            0%         N/A       100%        8
 Disjunction              Tloc           0%         N/A       100%        8
 Ignition                 Fire           0%         3d3       100%        8
 Infestation              Necr           0%         N/A       100%        8
 Lehudib's Crystal Spear  Conj/Erth      0%         10d2      100%        8
 Maxwell's Capacitive Co  Air            0%         ∞         100%        8
 Necromutation            Tmut/Necr      0%         N/A       100%        8
 Summon Horrible Things   Summ           0%         N/A       100%        8
 Death's Door             Necr           0%         N/A       100%        9
 Vhi's Electric Charge    Tloc/Air       Unusable   N/A       N/A         3

Dungeon Overview and Level Annotations

Branches:
Dungeon (15/15)            Temple (0/1) D:4            Lair (5/5) D:10
  Swamp (4/4) Lair:2       Spider (4/4) Lair:3        Slime (0/5) Lair:5
    Orc (2/2) D:9             Elf (3/3) Orc:2        Vaults (5/5) D:14
  Crypt (3/3) Vaults:2       Tomb (1/3) Crypt:3      Depths (4/4) D:15
    Zot (5/5) Depths:4

Altars:
Ashenzari
Cheibriados
Elyvilon
Gozag
Okawaru
Ru
Uskayaw
Vehumet
Wu Jian
Xom
Yredelemnul
Zin
The Shining One
Jiyva

Shops:
D:1 =   D:3 ?   D:8 ?   D:9 *(   Orc:2 =!(=   Elf:2 *   Vaults:4 ==
Depths:1 (   Depths:3 *[:

Portals:
Hell: Depths:1 Depths:2 Depths:3 Depths:4
Abyss: Depths:2 Depths:3
Pandemonium: Depths:2 Depths:4
Ziggurat: Depths:3

Annotations:
D:14 3 runed translucent doors, Dace's ghost, journeyman DsCj
Lair:4 exclusion: oklob plant
Lair:5 exclusions: obsidian statue and oklob plant
Swamp:1 3 runed translucent doors, raetorn's ghost, adept SpEn
Spider:2 2 transporters, tish's ghost, adept GnWn
Depths:3 exclusion: orange crystal statue
Zot:2 2 transporters


Innate Abilities, Weirdness & Mutations

You cannot be hasted, slowed, berserked, paralysed or teleported.
You can dig through walls and to a lower floor.
You have a pair of large antennae on your head. (SInv)
Your four strong arms can wield two-handed weapons with a shield.
You have large cloven feet.
You are partially covered in iridescent scales. (AC +2)
You are frail. (-10% HP)
Your system is resistant to poisons. (rPois)
You do not regenerate when monsters are visible.
Your spells are a little harder to cast, but a little more powerful.
Your movements are slightly less encumbered by armour. (ER -2)


Message History

The black bear convulses!
The naga convulses!
Tentacles burst from the starspawn's body! 2 starspawn tentacles come into view.
You lunge at the starspawn tentacle.
You hit the starspawn tentacle but do no damage.
The starspawn tentacle completely misses you.
You block the starspawn tentacle's attack.
You slice the starspawn tentacle!!
You destroy the starspawn tentacle!
You spin and attack the tentacled starspawn.
You hit the tentacled starspawn.
The tentacled starspawn is moderately damaged.
The tentacled starspawn bites you!
* * * LOW HITPOINT WARNING * * *
You block the tentacled starspawn's attack.
The starspawn tentacle completely misses you.
The tentacled starspawn attacks as you move away!
You block the tentacled starspawn's attack.
The tentacled starspawn tentacle-slaps you but does no damage.
A tentacle flies out from the starspawn's body!
You block the starspawn tentacle's attack.
A starspawn tentacle comes into view.
You spin and attack the starspawn tentacle repeatedly.
You hit the starspawn tentacle.
The starspawn tentacle is lightly damaged.
You barely miss the starspawn tentacle.
The starspawn tentacle is lightly damaged.
The starspawn tentacle closely misses you.
A large abomination comes into view.
A spriggan defender zombie comes into view.
A purple very ugly thing comes into view.
You lunge at the large abomination.
You open the large abomination like a pillowcase!!!!
You destroy the large abomination!
The Council accepts your kill.
You hear a shout!
You hear a roar!
A naga warrior comes into view.
It is wielding a +2 flail of protection.
The smoke demon gestures at you. Something smites you!
You die... .X# .. .... # { {##..##.. # φ ...§....#. # . . #... . . # XZ#

..#...# .. #
X..#...#. ## .
#NF#....#..###.##
#.
##X{....#.#...#.#
#...{##. .Z.∩ #@..#
#.#.{{†)..#{###..÷#
##.#3{{
.X.{)#.###..# # .x#
#..####.#.#. .#
x.#.#{{{###.#X.#...
# ## #
#{.##X#..##N.# #
#.#{#.#... ...#§.#
#. #...3...##.###.#
##..##X#..## .# ...


You could see a starcursed mass, a tentacled starspawn and a smoke demon.

Vanquished Creatures
  5 dread liches
  2 orbs of fire
  2 ancient liches
  Mara (Elf:3)
  Josephina (Zot:3)
  Sojobo (Vaults:4)
  2 royal mummies (Tomb:1)
  Bai Suzhen (Swamp:3)
  Frederick (Crypt:1)
  Margery (Vaults:4)
  3 Killer Klowns
  2 curse toes
  Saint Roka (Elf:2)
  4 caustic shrikes (Depths:3)
  12 golden dragons
  the Enchantress (Depths:1)
  Nikola (Swamp:4)
  3 doom hounds (Crypt:2)
  Jorgrun (Orc:1)
  5 bone dragons
  A hellephant (Abyss:3)
  2 electric golems
  10 tentacled monstrosities
  7 Orb Guardians (Zot:5)
  5 titans
  10 liches
  2 deep elf master archers (Elf:3)
  An Ice Fiend (Depths:3)
  Grunn (Crypt:2)
  5 acid blobs (Zot:3)
  11 quicksilver dragons
  5 deep elf blademasters
  Gastronok (D:8)
  2 Executioners
  13 sphinxes
  3 ancient champions
  24 tentacled starspawn
  8 death cobs
  2 thorn hunters
  Kirke (Spider:4)
  13 shadow dragons
  Donald (Spider:4)
  3 draconian monks
  11 storm dragons
  11 tengu reavers
  5 revenants
  7 fire giants
  2 narguns (Depths:3)
  3 emperor scorpions
  6 draconian knights
  6 deep elf sorcerers
  2 iron dragons
  Aizul (Swamp:2)
  17 vault wardens
  10 frost giants
  7 balrugs
  A caustic shrike zombie (Crypt:2)
  2 fenstrider witches
  A draconian scorcher (Zot:3)
  3 orc warlords
  6 curse skulls
  7 ghost moths
  4 draconian shifters
  6 draconian annihilators
  17 ironbound preservers
  5 ghouls (Crypt:2)
  A cacodemon (Abyss:3)
  3 broodmothers
  3 spriggan defenders
  4 deep elf elementalists
  9 draconian stormcallers
  2 reapers
  A juggernaut skeleton (Crypt:2)
  17 stone giants
  An ophan (Abyss:1)
  2 war gargoyles (Vaults:5)
  A quicksilver ooze (shapeshifter) (Depths:1)
  39 very ugly things
  6 ironbound thunderhulks
  4 deep elf demonologists
  An eleionoma (Swamp:3)
  24 purple draconians
  2 bennus (Tomb:1)
  9 vampire knights
  8 green draconians
  12 deep elf annihilators
  3 lorocyprocas
  9 black draconians
  9 dire elephants
  Azrael (Elf:1)
  5 white draconians
  19 yellow draconians
  6 red draconians
  8 spark wasps
  2 pale draconians (Depths:4)
  8 ettins
  5 eidola
  4 bunyips
  3 blizzard demons
  2 green deaths
  Snorg (D:14)
  A spectral quicksilver dragon (Crypt:3)
  4 mummy priests (Tomb:1)
  A merfolk javelineer (Depths:1)
  10 deep elf death magi
  7 entropy weavers
  7 jiangshi
  11 yaktaur captains
  5 deep elf high priests
  A quicksilver dragon skeleton (Crypt:2)
  11 fire dragons
  25 hydras
  28 vault guards
  10 great orbs of eyes
  10 rakshasas
  4 ogre magi
  2 spriggan air magi (Depths:2)
  2 ghost crabs (Swamp:4)
  Erica (D:8)
  2 caustic shrike simulacra (Depths:3)
  2 hell beasts (Depths:3)
  8 ironbound frosthearts
  9 ice dragons
  A spectral stone giant (Crypt:3)
  A bennu zombie (Crypt:3)
  A boulder beetle (shapeshifter) (Vaults:5)
  3 spriggan skeletons
  9 centaur warriors
  2 death knights
  32 dancing weapons
  3 radroaches
  14 two-headed ogres
  5 boulder beetles
  12 death scarabs (Tomb:1)
  23 death yaks
  An Orb Guardian skeleton (Crypt:1)
  11 alligators
  13 thrashing horrors
  12 deep troll earth magi
  2 orc high priests
  10 tengu warriors
  7 hell hogs
  7 vampire magi
  5 deep troll shamans
  A titan zombie (Crypt:3)
  9 hell knights
  A quicksilver ooze zombie (Crypt:3)
  4 soul eaters
  2 spriggan berserkers
  Nergalle (Orc:1)
  Sonja (Lair:4)
  An emperor scorpion zombie (Crypt:3)
  6 sun demons
  17 deep elf knights
  17 wretched stars
  2 titan skeletons (Crypt:2)
  A skyshark (Lair:3)
  3 pharaoh ants
  17 shadow wraiths
  4 goliath frogs
  A fire crab (Lair:5)
  2 bunyip zombies
  A spark wasp zombie (D:15)
  5 sixfirhies
  42 skeletal warriors
  A sun moth (Spider:3)
  3 death drakes
  62 deep trolls
  2 spectral anacondas
  4 orb spiders
  7 glowing orange brains
  4 bog bodies
  7 iron trolls
  6 flayed ghosts
  A deep troll (shapeshifter) (Vaults:5)
  10 deep elf archers
  6 spriggan druids
  3 bunyip skeletons (Crypt:2)
  A glowing orange brain (shapeshifter) (Vaults:5)
  12 swamp dragons
  An anaconda zombie (Tomb:1)
  12 ironbound convokers
  18 deep elf pyromancers
  A steelbarb worm (shapeshifter) (Vaults:5)
  An orange crystal statue (Depths:3)
  6 orc knights
  A spectral iron dragon (Crypt:3)
  8 wizards
  2 spriggan simulacra
  14 steelbarb worms
  2 harpies (Depths:3)
  11 necromancers
  A golden dragon skeleton (Crypt:2)
  8 lindwurms
  16 phantasmal warriors
  A cyclops (shapeshifter) (Vaults:5)
  4 manticores
  A sphinx skeleton (Crypt:2)
  31 deep elf zephyrmancers
  3 orc sorcerers
  2 fire giant zombies
  3 oklob plants (Zot:3)
  A salamander (shapeshifter) (Depths:1)
  2 harpies (shapeshifter) (Vaults:5)
  5 cyclopes
  5 will-o-the-wisps
  3 shadow dragon skeletons
  58 ugly things
  20 wolf spiders
  A frost giant skeleton (D:15)
  21 moths of wrath
  A naga zombie (Abyss:3)
  7 worldbinders
  A fire giant skeleton (Depths:1)
  A centaur zombie (Abyss:3)
  6 demonic crawlers
  5 rust devils
  18 elephants
  An iron dragon skeleton (Crypt:2)
  20 vault sentinels
  2 black mambas
  Maurice (D:8)
  3 guardian serpents (Abyss:3)
  2 dire elephant zombies (Lair:5)
  8 orange demons
  8 smoke demons
  2 spriggan zombies
  A naga skeleton (Crypt:2)
  A gargoyle (D:10)
  5 torpor snails
  3 apocalypse crabs (Abyss:3)
  2 dire elephant skeletons (Crypt:2)
  A pale draconian zombie (Crypt:1)
  A grey draconian zombie (Crypt:1)
  A yaktaur (shapeshifter) (Abyss:3)
  5 unseen horrors
  An orc skeleton (Crypt:2)
  10 cane toads
  Psyche (D:8)
  16 freezing wraiths
  2 centaur skeletons (Crypt:2)
  A hellion (Abyss:3)
  11 komodo dragons
  A yellow draconian zombie (Crypt:2)
  39 yaktaurs
  3 kobold demonologists
  2 rime drakes
  A golden dragon simulacrum (Depths:1)
  2 alligator snapping turtle skeletons (Crypt:2)
  An efreet (Abyss:3)
  9 tengu conjurers
  A death yak skeleton (Crypt:2)
  6 tormentors
  6 guardian mummies (Tomb:1)
  3 spectral deep trolls (Crypt:2)
  A minotaur skeleton (Crypt:2)
  A red devil (Depths:2)
  A harpy zombie (Abyss:1)
  6 ice devils
  A hydra zombie (Abyss:1)
  A bloated husk (Swamp:1)
  8 tyrant leeches
  A polar bear (Lair:4)
  A queen bee (Spider:3)
  15 ancient zymes
  5 hellwings
  14 trolls
  10 hornets
  4 meliai
  2 harpy skeletons
  A shadow dragon simulacrum (Depths:1)
  34 raiju
  4 dream sheep (Lair:4)
  18 tarantellas
  A spectral elephant (Lair:5)
  18 blink frogs
  A tyrant leech (shapeshifter) (Abyss:3)
  A stone giant simulacrum (Depths:1)
  An iron dragon simulacrum (Depths:3)
  42 large abominations
  31 slime creatures
  An ettin zombie (Depths:1)
  A draconian simulacrum (Zot:3)
  37 jumping spiders
  9 culicivoras
  2 air elementals
  An ettin skeleton (Crypt:2)
  5 spriggans
  An ice dragon skeleton (Crypt:2)
  59 flying skulls
  2 ushabtiu (Tomb:1)
  9 shadows
  10 water elementals
  13 ynoxinuls
  13 wraiths
  10 wyverns
  A wind drake zombie (Crypt:2)
  4 basilisks
  52 yaks
  A golden eye (shapeshifter) (Abyss:1)
  85 starcursed masses
  A vampire (Abyss:2)
  A hog (shapeshifter) (D:15)
  11 humans (D:14)
  11 chaos spawn
  2 golden eyes (Abyss:3)
  5 hogs (Spider:4)
  46 redbacks
  12 neqoxecs
  3 steam dragons (Depths:4)
  2 death yak simulacra (Lair:5)
  3 fire elementals
  14 vampire mosquitoes
  A black draconian simulacrum (Zot:3)
  3 spectral cane toads (Lair:5)
  8 wargs
  A glowing shapeshifter zombie (D:15)
  14 swamp worms
  2 acid dragons
  A faun zombie (Crypt:3)
  2 floating eyes
  8 hell hounds
  2 moth of wrath simulacra (Zot:3)
  10 water moccasins
  5 ice beasts
  9 swamp drakes
  2 two-headed ogre skeletons
  3 sky beasts
  A manticore zombie (Crypt:3)
  19 orc warriors
  An ice beast (shapeshifter) (Elf:2)
  An ettin simulacrum (Depths:3)
  A black bear (D:6)
  A lindwurm zombie (Crypt:1)
  4 boggarts
  2 elephant skeletons (Lair:5)
  23 ogres
  17 wolves
  3 centaurs
  A draconian zombie (Crypt:1)
  7 bullfrogs
  2 necrophages (Crypt:2)
  6 kobold brigands
  3 earth elementals
  A rime drake skeleton (Crypt:3)
  A salamander zombie (Crypt:1)
  A yaktaur skeleton (Crypt:3)
  8 scorpions
  2 cane toad simulacra (Lair:5)
  A wyvern skeleton (Crypt:2)
  10 wights
  35 small abominations
  27 killer bees
  6 electric eels
  2 howler monkeys (D:10)
  A howler monkey (shapeshifter) (Vaults:5)
  A crimson imp (Abyss:1)
  26 jellies
  8 quasits
  5 hounds
  11 orc priests
  6 iron imps
  6 iguanas
  22 orc wizards
  A boggart zombie (Crypt:2)
  Natasha (thrice) (D:2)
  A hound zombie (Crypt:3)
  11 mummies (Tomb:1)
  3 gnolls (D:4)
  11 adders
  4 shadow imps
  10 white imps
  10 ufetubi
  3 dart slugs
  53 orcs
  9 ball pythons
  12 endoplasms
  6 giant cockroaches
  8 hobgoblins
  7 jackals
  A kobold (shapeshifter) (Vaults:5)
  4 quokkas
  5 bats
  8 frilled lizards
  A gnoll skeleton (Crypt:2)
  8 goblins
  34 kobolds
  An orc zombie (Crypt:1)
  10 rats
  A rat zombie (Crypt:2)
  A butterfly (Lair:3)
  4 lurking horrors
  5 starspawn tentacles (Abyss:3)
2870 creatures vanquished.

Vanquished Creatures (others)
  A profane servitor (Abyss:3)
  Asterion (Elf:3)
  A fire giant (Vaults:5)
  A draconian annihilator (Zot:4)
  A vault guard (D:14)
  A yaktaur captain (Vaults:5)
  A satyr (Abyss:3)
  2 alligators
  A vampire mage (Depths:2)
  A wizard (Vaults:2)
  A deep elf zephyrmancer (Elf:1)
  A deep elf archer (Elf:2)
  A deep elf pyromancer (Elf:1)
  A spriggan skeleton (Depths:1)
  2 bloated husks (Swamp:2)
  A large abomination (Abyss:3)
  A water elemental (Elf:2)
  A human (Spider:4)
  A chaos spawn (Abyss:3)
  A redback (Spider:4)
  An ice beast (Abyss:1)
  5 small abominations
  A jelly (Zot:3)
  An orc wizard (Elf:2)
  An orc (Elf:2)
  A ball python (D:4)
  A kobold (D:8)
  19 foxfires
  A lurking horror (Abyss:3)
  39 starspawn tentacles
92 creatures vanquished.

Grand Total: 2962 creatures vanquished

Notes
Turn   | Place    | Note
-------+----------+-------------------------------------------
     0 | D:1      | Ivernyr the Formicid Gladiator began the quest for the Orb.
     0 | D:1      | Reached XP level 1. HP: 16/16 MP: 1/1
    86 | D:1      | Reached XP level 2. HP: 16/23 MP: 2/2
   283 | D:1      | Reached XP level 3. HP: 23/28 MP: 3/3
   319 | D:1      | Reached skill level 1 in Armour
   346 | D:1      | Found Xotuxoboy's One-of-a-Kind Rings.
   577 | D:2      | Noticed Natasha
   586 | D:2      | Killed Natasha
   587 | D:2      | Reached XP level 4. HP: 20/34 MP: 4/4
   777 | D:2      | Noticed Natasha
   787 | D:2      | Killed Natasha
   839 | D:2      | Noticed Natasha
   847 | D:2      | Killed Natasha
   848 | D:2      | Reached XP level 5. HP: 41/41 MP: 5/5
  1128 | D:2      | Found a basalt altar of Yredelemnul.
  1364 | D:3      | Reached skill level 4 in Long Blades
  1418 | D:3      | Found a snail-covered altar of Cheibriados.
  1600 | D:3      | Found a broken altar of Ashenzari.
  1856 | D:3      | Found Sasaepn's Magic Scroll Shoppe.
  1886 | D:3      | Bought a scroll of identify for 26 gold pieces
  2171 | D:3      | Reached XP level 6. HP: 41/47 MP: 4/6
  2857 | D:4      | Found an ornate altar of the Wu Jian Council.
  2871 | D:4      | Became a worshipper of the Wu Jian Council
  2898 | D:4      | Reached XP level 7. HP: 32/54 MP: 4/7
  2982 | D:4      | Found a staircase to the Ecumenical Temple.
  3949 | D:4      | Reached * piety under Wu Jian
  4008 | D:4      | Identified the +6 whip of Anger {flame, rF+ rC+ Dex+4}
  4246 | D:5      | Entered Level 5 of the Dungeon
  4262 | D:5      | Reached skill level 5 in Long Blades
  4384 | D:5      | Reached skill level 5 in Fighting
  4384 | D:5      | Reached XP level 8. HP: 33/62 MP: 8/8
  4593 | D:5      | Found a white marble altar of Elyvilon.
  4655 | D:5      | Reached skill level 5 in Dodging
  4851 | D:5      | Reached skill level 5 in Armour
  5281 | D:6      | Reached skill level 6 in Long Blades
  5316 | D:6      | Noticed a wraith
  5326 | D:6      | Killed a wraith
  5327 | D:6      | Reached XP level 9. HP: 64/69 MP: 9/9
  5423 | D:6      | Found an iron altar of Okawaru.
  5489 | D:6      | Found a glowing silver altar of Zin.
  6471 | D:6      | Reached skill level 7 in Long Blades
  6834 | D:7      | Reached ** piety under Wu Jian
  6971 | D:7      | Reached XP level 10. HP: 75/79 MP: 10/10
  7533 | D:8      | Noticed Gastronok
  7560 | D:8      | Killed Gastronok
  7561 | D:8      | Reached skill level 8 in Long Blades
  7868 | D:8      | Identified the ring of Tuegarur {rCorr Int+3 Dex+6 SInv}
  8268 | D:8      | Noticed Maurice
  8278 | D:8      | Killed Maurice
  8279 | D:8      | Reached XP level 11. HP: 71/87 MP: 8/11
  8412 | D:8      | Noticed Psyche
  8414 | D:8      | Found Paelatij's Magic Scroll Shoppe.
  8419 | D:8      | Killed Psyche
  8419 | D:8      | Reached *** piety under Wu Jian
  8743 | D:8      | Noticed Erica
  8751 | D:8      | Killed Erica
  9135 | D:9      | Reached skill level 9 in Long Blades
  9178 | D:9      | Found a sacrificial altar of Ru.
  9445 | D:9      | Found Paisexte's Antique Weapon Emporium.
  9857 | D:9      | Found a staircase to the Orcish Mines.
 10046 | D:9      | Found Pievoig's Assorted Antiques.
 10241 | D:10     | Entered Level 10 of the Dungeon
 10241 | D:10     | Found a staircase to the Lair.
 10545 | D:10     | Noticed a two-headed ogre
 10602 | D:10     | Killed a two-headed ogre
 10603 | D:10     | Reached skill level 10 in Fighting
 10603 | D:10     | Reached skill level 10 in Long Blades
 10832 | D:10     | Found a hide-covered altar of Uskayaw.
 10957 | D:10     | Identified the +3 scimitar "Egroastrauts" {protect, Drain
                  | Fragile rCorr Str+8}
 11101 | Lair:1   | Entered Level 1 of the Lair of Beasts
 11108 | D:10     | Reached XP level 12. HP: 86/97 MP: 9/12
 11250 | Lair:1   | Reached skill level 10 in Armour
 11998 | Lair:1   | Reached skill level 11 in Long Blades
 12986 | Lair:2   | Noticed a death yak
 12986 | Lair:2   | Noticed a death yak
 12986 | Lair:2   | Noticed a death yak
 12997 | Lair:2   | Noticed a death yak
 13008 | Lair:1   | Killed a death yak
 13013 | Lair:1   | Killed a death yak
 13172 | Lair:2   | Noticed a death yak
 13180 | Lair:1   | Killed a death yak
 13288 | Lair:1   | Killed a death yak
 13289 | Lair:1   | Reached XP level 13. HP: 82/106 MP: 9/13
 13469 | Lair:2   | Noticed a seven-headed hydra
 13475 | Lair:2   | Killed a one-headed hydra
 13476 | Lair:2   | Reached skill level 12 in Long Blades
 14089 | Lair:2   | Reached skill level 10 in Dodging
 14309 | Lair:2   | Noticed a five-headed hydra
 14310 | Lair:2   | Noticed a five-headed hydra
 14324 | Lair:2   | Killed a two-headed hydra
 14329 | Lair:2   | Killed a two-headed hydra
 14331 | Lair:2   | Reached **** piety under Wu Jian
 14580 | Lair:2   | Found a staircase to the Swamp.
 15324 | Lair:3   | Noticed a four-headed hydra
 15328 | Lair:3   | Killed a one-headed hydra
 15329 | Lair:3   | Reached skill level 13 in Long Blades
 15775 | Lair:3   | Noticed a seven-headed hydra
 15781 | Lair:3   | Killed a five-headed hydra
 16546 | Lair:3   | Reached XP level 14. HP: 40/115 MP: 5/14
 16779 | Lair:3   | Found a hole to the Spider Nest.
 17223 | Lair:4   | Noticed Sonja
 17225 | Lair:4   | Killed Sonja
 17990 | Lair:4   | Reached skill level 14 in Long Blades
 18876 | Lair:5   | Entered Level 5 of the Lair of Beasts
 19562 | Lair:5   | Found a staircase to the Slime Pits.
 19562 | Lair:5   | Found a viscous altar of Jiyva.
 19981 | Lair:4   | Reached XP level 15. HP: 66/124 MP: 8/15
 19983 | Lair:4   | Reached skill level 15 in Long Blades
 21216 | Lair:5   | Identified the staff of fire "Rifyur" {*Corrode rPois rF+
                  | Str+8 Dex-3}
 23189 | Orc:1    | Entered Level 1 of the Orcish Mines
 23299 | Orc:2    | Entered Level 2 of the Orcish Mines
 23316 | Orc:1    | Noticed Nergalle
 23324 | Orc:1    | Killed Nergalle
 23792 | Orc:1    | Noticed Jorgrun
 23804 | Orc:1    | Killed Jorgrun
 23805 | Orc:1    | Reached skill level 16 in Long Blades
 23943 | Orc:2    | Reached ***** piety under Wu Jian
 24054 | Orc:2    | Found a staircase to the Elven Halls.
 24230 | Orc:2    | Found Japhit's Distillery.
 24231 | Orc:2    | Found Aveiniu's Jewellery Shoppe.
 24566 | Orc:1    | Reached XP level 16. HP: 44/133 MP: 16/16
 25205 | Orc:2    | Found Zaipeh's Jewellery Shop.
 25214 | Orc:2    | Found Cesyfin's Antique Weapon Emporium.
 25256 | Orc:2    | Bought 2 potions of curing for 96 gold pieces
 25256 | Orc:2    | Bought a potion of heal wounds for 80 gold pieces
 25256 | Orc:2    | Bought a potion of heal wounds for 80 gold pieces
 25256 | Orc:2    | Bought a potion of heal wounds for 80 gold pieces
 25389 | D:11     | Identified a scroll of acquirement
 25390 | D:11     | Acquired the +1 cloak of Impressiveness {Regen+ rCorr}
 26504 | D:13     | Found a glowing golden altar of the Shining One.
 27138 | D:14     | Reached skill level 17 in Long Blades
 27174 | D:14     | Found a runed translucent gate.
 27174 | D:14     | Found a runed translucent gate.
 27174 | D:14     | Found a runed translucent gate.
 27679 | D:14     | Found a gate to the Vaults.
 28054 | D:14     | Noticed Snorg
 28063 | D:14     | Killed Snorg
 28063 | D:14     | Reached skill level 15 in Fighting
 28457 | D:14     | Noticed Dace's ghost (journeyman DsCj)
 28472 | D:15     | Entered Level 15 of the Dungeon
 28704 | D:15     | Found a staircase to the Depths.
 28717 | D:15     | Reached XP level 17. HP: 125/142 MP: 17/17
 28732 | D:15     | Reached skill level 1 in Shields
 28761 | D:15     | Reached ****** piety under Wu Jian
 28828 | D:15     | Reached skill level 15 in Armour
 29490 | Elf:1    | Entered Level 1 of the Elven Halls
 29742 | Elf:1    | Noticed Azrael
 29803 | Elf:1    | Killed Azrael
 29813 | Elf:1    | Noticed a Brimstone Fiend
 29825 | Elf:1    | HP: 2/142 [deep elf annihilator/iron shot (35)]
 30108 | Elf:1    | Reached skill level 5 in Shields
 30491 | Elf:2    | Found the +2 shield of Resistance {rF++ rC++ Will++}
 30552 | Elf:2    | Reached skill level 18 in Long Blades
 30800 | Elf:2    | Found a huge runed translucent gate.
 30800 | Elf:2    | Found a huge runed translucent gate.
 30804 | Elf:2    | Noticed Saint Roka
 30819 | Elf:2    | Found a huge runed translucent gate.
 30821 | Elf:2    | Found a huge runed translucent gate.
 30821 | Elf:2    | Found a huge runed translucent gate.
 30949 | Elf:2    | Found Doaqi's Assorted Antiques.
 31112 | Elf:1    | Reached XP level 18. HP: 144/151 MP: 18/18
 31842 | Elf:2    | Killed Saint Roka
 32114 | Elf:2    | Noticed a deep elf blademaster
 32133 | Elf:2    | Killed a deep elf blademaster
 32448 | Elf:3    | Entered Level 3 of the Elven Halls
 32668 | Elf:3    | Noticed Mara
 32676 | Elf:3    | Noticed Ivernyr's illusion
 32923 | Elf:3    | Noticed a deep elf master archer
 32968 | Elf:3    | Killed a deep elf master archer
 33172 | Elf:3    | Noticed Ivernyr's illusion
 33203 | Elf:3    | Killed Mara
 33356 | Elf:3    | Noticed Asterion
 33369 | Elf:3    | Killed Asterion
 33394 | Elf:3    | Noticed a deep elf blademaster
 33418 | Elf:2    | Killed a deep elf blademaster
 33419 | Elf:2    | Reached XP level 19. HP: 96/159 MP: 19/19
 33553 | Elf:3    | Identified the +6 battleaxe of Jaajut {freeze, Will+ rCorr}
 33565 | Elf:3    | Noticed a deep elf blademaster
 33574 | Elf:3    | Killed a deep elf blademaster
 33584 | Elf:3    | Noticed a deep elf blademaster
 33596 | Elf:3    | Killed a deep elf blademaster
 33606 | Elf:3    | Killed a ghostly deep elf blademaster
 33706 | Elf:3    | Identified the +7 flail "Ceige" {spect, +Blink rPois rC-
                  | rN+}
 33726 | Elf:3    | Noticed a deep elf blademaster
 33765 | Elf:3    | Killed a deep elf blademaster
 33766 | Elf:3    | Reached skill level 10 in Shields
 33987 | Elf:3    | Identified the +4 whip of Jogaxt {venom, *Corrode Fragile
                  | Fly rN+++}
 33988 | Elf:3    | Identified the +4 short sword "Pasam" {flame, rF+ Will+}
 34049 | Elf:3    | Got the Annotations on Flashy Turbulence
 34057 | Elf:3    | Identified the ring "Leovy" {Fly rCorr Int+3}
 34069 | Elf:3    | Identified the +3 arbalest of Kaojoso {penet, rN+++ Int-3}
 34079 | Elf:3    | Identified the +5 short sword of Unreason {protect, Stlth+}
 34434 | Swamp:1  | Entered Level 1 of the Swamp
 34533 | Swamp:1  | Reached skill level 19 in Long Blades
 34792 | Swamp:1  | Found a runed translucent gate.
 34792 | Swamp:1  | Found a runed translucent gate.
 34792 | Swamp:1  | Found a runed translucent gate.
 34795 | Swamp:1  | Noticed raetorn's ghost (adept SpEn)
 35051 | Swamp:2  | Noticed Aizul
 35066 | Swamp:2  | Killed Aizul
 35740 | Swamp:3  | Noticed a tentacled monstrosity
 35752 | Swamp:3  | Killed a tentacled monstrosity
 35813 | Swamp:3  | Noticed Bai Suzhen
 35819 | Swamp:3  | Killed Bai Suzhen
 35820 | Swamp:3  | Reached skill level 15 in Dodging
 35987 | Swamp:4  | Entered Level 4 of the Swamp
 36034 | Swamp:4  | Reached XP level 20. HP: 154/168 MP: 20/20
 36409 | Swamp:4  | Got a decaying rune of Zot
 36449 | Swamp:4  | Noticed Nikola
 36462 | Swamp:4  | Killed Nikola
 36910 | Spider:1 | Entered Level 1 of the Spider Nest
 37926 | Spider:2 | Gained mutation: You do not regenerate when monsters are
                  | visible. [mutagenic glow]
 38086 | Spider:2 | Found a transporter.
 38089 | Spider:2 | Noticed tish's ghost (adept GnWn)
 38090 | Spider:2 | Found a transporter.
 38324 | Spider:3 | Lost mutation: You do not regenerate when monsters are
                  | visible. [potion of mutation]
 38324 | Spider:3 | Gained mutation: Your spells are a little easier to cast,
                  | but a little less powerful. [potion of mutation]
 38324 | Spider:3 | Gained mutation: Your magical capacity is low. (-10% MP)
                  | [potion of mutation]
 38324 | Spider:3 | Gained mutation: You are dopey. (Int -2) [potion of
                  | mutation]
 38324 | Spider:3 | Gained mutation: You have hidden genetic potential. [potion
                  | of mutation]
 38655 | Spider:3 | Found the +10 Black Knight's barding {ponderous, rPois rN+}
 38757 | Spider:3 | Reached XP level 21. HP: 161/177 MP: 18/18
 38919 | Spider:4 | Entered Level 4 of the Spider Nest
 38919 | Spider:4 | Noticed Kirke
 38938 | Spider:4 | Killed Kirke
 39481 | Spider:4 | Reached skill level 20 in Long Blades
 39506 | Spider:4 | Lost mutation: Your spells are a little easier to cast, but
                  | a little less powerful. [potion of mutation]
 39506 | Spider:4 | Lost mutation: You have hidden genetic potential. [potion
                  | of mutation]
 39506 | Spider:4 | Gained mutation: You possess an exceptional clarity of
                  | mind. [potion of mutation]
 39507 | Spider:4 | Lost mutation: You possess an exceptional clarity of mind.
                  | [potion of mutation]
 39507 | Spider:4 | Lost mutation: Your magical capacity is low. (-10% MP)
                  | [potion of mutation]
 39507 | Spider:4 | Lost mutation: You are dopey. (Int -2) [potion of mutation]
 39507 | Spider:4 | Gained mutation: You are dopey. (Int -2) [potion of
                  | mutation]
 39507 | Spider:4 | Gained mutation: Armour fits poorly on your strangely
                  | shaped body. [potion of mutation]
 39507 | Spider:4 | Gained mutation: You are clumsy. (Dex -2) [potion of
                  | mutation]
 39508 | Spider:4 | Lost mutation: You are clumsy. (Dex -2) [potion of
                  | mutation]
 39508 | Spider:4 | Lost mutation: You are dopey. (Int -2) [potion of mutation]
 39508 | Spider:4 | Gained mutation: You have sharp toenails. [potion of
                  | mutation]
 39508 | Spider:4 | Gained mutation: Your spells are a little harder to cast,
                  | but a little more powerful. [potion of mutation]
 39508 | Spider:4 | Gained mutation: You occasionally lose the ability to read
                  | scrolls when taking damage. [potion of mutation]
 39508 | Spider:4 | Gained mutation: Your flesh is heat resistant. (rF+)
                  | [potion of mutation]
 39509 | Spider:4 | Lost mutation: Your flesh is heat resistant. (rF+) [potion
                  | of mutation]
 39509 | Spider:4 | Lost mutation: You have sharp toenails. [potion of
                  | mutation]
 39509 | Spider:4 | Lost mutation: You occasionally lose the ability to read
                  | scrolls when taking damage. [potion of mutation]
 39509 | Spider:4 | Gained mutation: You are vulnerable to cold. (rC-) [potion
                  | of mutation]
 39510 | Spider:4 | Lost mutation: You are vulnerable to cold. (rC-) [potion of
                  | mutation]
 39510 | Spider:4 | Lost mutation: Armour fits poorly on your strangely shaped
                  | body. [potion of mutation]
 39510 | Spider:4 | Gained mutation: Your movements are slightly less
                  | encumbered by armour. (ER -2) [potion of mutation]
 39510 | Spider:4 | Gained mutation: Your system is resistant to poisons.
                  | (rPois) [potion of mutation]
 39510 | Spider:4 | Gained mutation: You occasionally lose the ability to read
                  | scrolls when taking damage. [potion of mutation]
 39510 | Spider:4 | Gained mutation: You have large cloven feet. [potion of
                  | mutation]
 39731 | Spider:4 | Got a gossamer rune of Zot
 39860 | Spider:4 | Noticed Donald
 39867 | Spider:4 | Killed Donald
 40238 | Vaults:1 | Entered Level 1 of the Vaults
 41350 | Vaults:2 | Reached XP level 22. HP: 178/187 MP: 22/22
 41575 | Vaults:2 | Reached skill level 15 in Shields
 41904 | Vaults:2 | Found a radiant altar of Vehumet.
 41924 | Vaults:2 | Identified the +0 robe "Jaohy" {rCorr}
 42257 | Vaults:2 | Found a portal to a secret trove of treasure.
 42356 | Vaults:2 | Found a staircase to the Crypt.
 43250 | Vaults:3 | Reached skill level 21 in Long Blades
 43250 | Vaults:3 | Reached XP level 23. HP: 196/196 MP: 23/23
 43747 | Vaults:4 | Noticed Margery
 43760 | Vaults:4 | Killed Margery
 43813 | Vaults:4 | Noticed Sojobo
 43837 | Vaults:4 | Killed Sojobo
 44174 | Vaults:4 | Found Xejag's Jewellery Emporium.
 44176 | Vaults:4 | Bought the amulet of Awkiamo {Reflect rN+ Str+4 Int+2 SH+5}
                  | for 807 gold pieces
 44450 | Vaults:4 | Found Uffocs's Jewellery Boutique.
 44875 | Depths:1 | Entered Level 1 of the Depths
 45055 | Depths:1 | Found a shimmering altar of Xom.
 45099 | Depths:1 | Found a gateway to Hell.
 45119 | Depths:1 | Found Toumpolid's Antique Weapon Boutique.
 45358 | Depths:1 | Noticed a golden dragon
 45382 | Depths:1 | Killed a golden dragon
 45398 | Depths:1 | Identified the +1 flail "Nuisag" {venom, rElec rC- Will+
                  | Str+5}
 45714 | Depths:2 | Found a one-way gate leading to the halls of Pandemonium.
 45784 | Depths:2 | Noticed the Enchantress
 45910 | Depths:1 | Found an iron altar of Okawaru.
 45940 | Depths:2 | Reached XP level 24. HP: 205/205 MP: 23/23
 46045 | Depths:1 | Killed the Enchantress
 46480 | Vaults:2 | You paid a toll of +3 shadow dragon scales to enter a
                  | treasure trove
 46481 | Trove    | Entered a treasure trove
 46960 | Depths:2 | Found a one-way gate to the infinite horrors of the Abyss.
 47877 | Depths:3 | Found Iqoegocu's Assorted Antiques.
 47879 | Depths:3 | Found Plog's Antique Armour Boutique.
 47883 | Depths:3 | Found Ufahec's Book Shop.
 47932 | Depths:3 | Found a one-way gateway to a ziggurat.
 47963 | Depths:3 | Noticed a caustic shrike
 47963 | Depths:3 | Noticed a caustic shrike
 47963 | Depths:3 | Noticed a caustic shrike
 47963 | Depths:3 | Noticed a caustic shrike
 47965 | Depths:3 | Killed a caustic shrike
 47968 | Depths:3 | Killed a caustic shrike
 47970 | Depths:3 | Killed a caustic shrike
 47976 | Depths:3 | Killed a caustic shrike
 48008 | Depths:3 | You are sucked into a shaft and drop 1 floor!
 48008 | Depths:4 | Entered Level 4 of the Depths
 48142 | Depths:4 | Reached skill level 22 in Long Blades
 48281 | Depths:4 | Reached XP level 25. HP: 209/214 MP: 23/23
 48817 | Depths:3 | Found an opulent altar of Gozag.
 49809 | Depths:4 | Found a gate to the Realm of Zot.
 50220 | Vaults:5 | Entered Level 5 of the Vaults
 50509 | Vaults:5 | Noticed an ancient lich
 50522 | Vaults:5 | Killed an ancient lich
 50635 | Vaults:5 | Noticed a dread lich
 50636 | Vaults:5 | Reached XP level 26. HP: 224/224 MP: 23/23
 50650 | Vaults:5 | Killed a dread lich
 50702 | Vaults:5 | Identified the +3 battleaxe of the Spectre {venom, Drain
                  | Will+ MP+9 Dex+6}
 50862 | Vaults:5 | Got the Octavo of Malisons and Rallying
 50876 | Vaults:5 | Noticed a dread lich
 50890 | Vaults:5 | Killed a dread lich
 50983 | Vaults:5 | Identified the +6 war axe "Zifit" {flame, rF- rN+++}
 50988 | Vaults:5 | Got a silver rune of Zot
 50990 | Vaults:5 | Identified the +0 helmet "Tusaelon" {-Cast Fly rElec rN+++}
 51160 | Vaults:5 | Identified the +5 quarterstaff of the Ornamental God
                  | {flame, Stlth+}
 51164 | Vaults:5 | Identified the staff of earth "Ygewiek" {rElec rF+ rC+}
 51194 | Vaults:5 | Identified the +6 dagger of Acin {heavy, rC+ rN+ rCorr}
 51911 | Zot:1    | Entered Level 1 of the Realm of Zot
 52051 | Zot:1    | Reached skill level 23 in Long Blades
 52437 | Zot:1    | Noticed a Killer Klown
 52441 | Zot:1    | Killed a Killer Klown
 52901 | Zot:1    | Identified the staff of death "Iwkaded" {rC++ rN+ rCorr
                  | MP+9 Dex-3}
 53355 | Zot:2    | Identified the +9 hand axe "Ysijupso" {freeze, Drain rElec
                  | Stlth+}
 53393 | Zot:2    | Reached XP level 27. HP: 225/233 MP: 23/23
 53480 | Zot:2    | Noticed an orb of fire
 53488 | Zot:2    | Gained mutation: You occasionally shout uncontrollably at
                  | your foes. [an orb of fire]
 53490 | Zot:2    | Killed an orb of fire
 53738 | Zot:2    | Found a transporter.
 54057 | Zot:2    | Found a transporter.
 54213 | Zot:3    | Noticed an orb of fire
 54219 | Zot:3    | Gained mutation: You do not regenerate when monsters are
                  | visible. [an orb of fire]
 54222 | Zot:3    | Gained mutation: You are frail. (-10% HP) [an orb of fire]
 54233 | Zot:3    | Gained mutation: You are weak. (Str -2) [an orb of fire]
 54241 | Zot:3    | Killed an orb of fire
 54273 | Zot:3    | Lost mutation: Your spells are a little harder to cast, but
                  | a little more powerful. [potion of mutation]
 54273 | Zot:3    | Lost mutation: You occasionally lose the ability to read
                  | scrolls when taking damage. [potion of mutation]
 54273 | Zot:3    | Lost mutation: You are frail. (-10% HP) [potion of
                  | mutation]
 54273 | Zot:3    | Gained mutation: Your spells are a little harder to cast,
                  | but a little more powerful. [potion of mutation]
 54273 | Zot:3    | Gained mutation: You are partially covered in iridescent
                  | scales. (AC +2) [potion of mutation]
 54422 | Zot:3    | Identified the ring "Ycuun" {Ice rN++ Int-2}
 54422 | Zot:3    | Noticed Josephina
 54448 | Zot:3    | Killed Josephina
 54757 | Zot:3    | Identified the +8 chain mail of Focus {Will+ Int+4 Slay-5}
 54758 | Zot:3    | Acquired the ring "Lafeop" {rF+ rN+ Will+ Str-4 Int+3}
 54774 | Zot:3    | Noticed a Killer Klown
 54790 | Zot:3    | Killed a Killer Klown
 54806 | Zot:3    | Reached skill level 24 in Long Blades
 55955 | Zot:4    | You are sucked into a shaft and drop 1 floor!
 55955 | Zot:5    | Entered Level 5 of the Realm of Zot
 56285 | Zot:5    | Noticed a dread lich
 56290 | Zot:5    | Noticed an ancient lich
 56296 | Zot:5    | Killed a dread lich
 56300 | Zot:5    | Killed an ancient lich
 56316 | Zot:5    | Noticed a dread lich
 56334 | Zot:5    | Noticed a Killer Klown
 56337 | Zot:5    | Killed a dread lich
 56346 | Zot:5    | Killed a Killer Klown
 58269 | Crypt:1  | Entered Level 1 of the Crypt
 58286 | Crypt:1  | Noticed Frederick
 58298 | Crypt:1  | Killed Frederick
 58837 | Crypt:2  | Identified the ring "Erizxul" {rF+ rC+ Dex+2}
 58881 | Crypt:2  | Reached skill level 25 in Long Blades
 59455 | Crypt:2  | Noticed Grunn
 59466 | Crypt:2  | Killed Grunn
 59926 | Crypt:2  | Lost mutation: You occasionally shout uncontrollably at
                  | your foes. [potion of mutation]
 59926 | Crypt:2  | Lost mutation: You are weak. (Str -2) [potion of mutation]
 59926 | Crypt:2  | Gained mutation: You are frail. (-10% HP) [potion of
                  | mutation]
 59964 | Crypt:3  | Entered Level 3 of the Crypt
 60056 | Crypt:3  | Found a staircase to the Tomb.
 60389 | Crypt:3  | Found a basalt altar of Yredelemnul.
 60561 | Crypt:3  | Identified the +1 chain mail of Untold Secrets {rF+ rN+}
 61198 | Tomb:1   | Entered Level 1 of the Tomb of the Ancients
 61738 | Tomb:1   | Noticed a royal mummy
 61738 | Tomb:1   | Noticed a royal mummy
 61764 | Tomb:1   | Reached skill level 26 in Long Blades
 61769 | Tomb:1   | Killed a royal mummy
 61774 | Tomb:1   | Killed a royal mummy
 62669 | Depths:2 | Voluntarily entered the Abyss.
 62745 | Abyss:1  | Found a corrupted altar of Lugonu.
 62763 | Abyss:1  | Found a corrupted altar of Lugonu.
 64478 | Abyss:3  | Found a corrupted altar of Lugonu.
 64509 | Abyss:3  | Found a corrupted altar of Lugonu.
 65448 | Abyss:3  | Noticed a dread lich
 65452 | Abyss:3  | Killed a dread lich
 65453 | Abyss:3  | Reached skill level 27 in Long Blades
 66789 | Abyss:3  | HP: 9/217 [starcursed mass/accursed screaming (5)]
 66797 | Abyss:3  | HP: 4/217 [starcursed mass/accursed screaming (7)]
 66802 | Abyss:3  | HP: 10/217 [tentacled starspawn (8)]
 66813 | Abyss:3  | Killed from afar by a smoke demon

Illustrated notes

Levels and vault maps discovered:
D:1:      lightli_arrival_flooded_house, layout_basic, st_stairs_8,
          hangedman_decor_growths, nicolae_shop_unique_rings
D:2:      layout_loops_ring, basic_altar, uniq_natasha
D:3:      minmay_chambers_of_threes, layout_loops_ring, ashenzari_altar_1,
          kennysheep_slug_shrine, serial_shops, shop
D:4:      minmay_octagon_keep, layout_basic, nzn_wu_jian_contemplation,
          minmay_temple_entry_wispy
D:5:      layout_rooms, nicolae_elyvilon_temple_path, minivault_11
D:6:      layout_layer_cave, zin_statuary, mainiacjoe_overflow_24_doors,
          kennysheep_flooded_box
D:7:      layout_cave_pools
D:8:      layout_basic, serial_shops, nicolae_shop_stone, uniq_maurice,
          uniq_gastronok, uniq_psyche, uniq_erica
D:9:      layout_irregular_city, nicolae_ru_great_annihilating_truth,
          david_orc_3, serial_shops, nicolae_diamond_shop, shop
D:10:     layout_basic, nicolae_uskayaw_suspiria, lair_entry_dummy
D:11:     layout_basic
D:12:     layout_roguey
D:13:     layout_roguey, nicolae_kite_square_tiling_tiny, tso_metal_star
D:14:     layout_grid_maze, ximxim_vaults_locker_room,
          ebering_ghost_rock_garden, serial_bayou_shore_a, uniq_snorg
D:15:     gammafunk_depths_entry_grave, layout_basic, roderic_roman_lattice
Lair:1:   layout_cave_pods, dreamdust_wasp_nest, grunt_megastairs_5
Lair:2:   layout_layer_cave, palyth_hydra_swamp_entry
Lair:3:   layout_hall_layers, nicolae_spider_entry_tight_spaces,
          infiniplex_staircase_pool_2, lemuel_fruit_fields, grunt_megastairs_1
Lair:4:   layout_concentric_octagons, beast_lair_carwin_4, uniq_sonja
Lair:5:   due_jungle_book, layout_cave_pods, minmay_slime_entry_pillars,
          infiniplex_staircase_pool
Swamp:1:  layout_basic_swamp, gammafunk_ghost_necromancy,
          evilmike_swamp_ruin_rubble_1, swamp_pool3
Swamp:2:  layout_falls_marsh, serial_swamp_ruin, evilmike_swamp_ruin_wall,
          hangedman_swamp_ruin_hall, evilmike_swamp_ruin_house_4, uniq_aizul
Swamp:3:  layout_falls_marsh, evilmike_swamp_ruin_house_6, uniq_bai_suzhen
Swamp:4:  swamp, layout_basic_swamp, uniq_nikola
Spider:1: layout_spider_delve, hellmonk_narrow_tunnel
Spider:2: layout_spider_delve, gammafunk_ghost_mausoleum
Spider:3: layout_spider_delve, special_room [special_room_bee]
Spider:4: grunt_spider_rune_parallel, uniq_kirke, uniq_donald
Orc:1:    cheibrodos_orc_guarddog, layout_caves, basic_altar,
          david_defended_altar_orc, uniq_jorgrun, uniq_nergalle
Orc:2:    st_orc_open, layout_caves
Elf:1:    nicolae_elf_arrival_no_cutting_in_line, layout_gridlike,
          hangedman_elf_disciples, corner_web_ring, st_stairs_3, uniq_azrael
Elf:2:    elven_hall_of_blades_hangedman_alternative
          [nicolae_blade_entry_pointy_end], layout_geoelf_octagon, serial_shops,
          shop, uniq_saint_roka
Elf:3:    minmay_elf_hall_circle, layout_gridlike, uniq_asterion, uniq_mara
Vaults:1: st_lattice, nicolae_vaults_house_2, v_alt_pattern_3,
          hangedman_vaults_hat, ontoclasm_vaults_tryst, v_misc_1,
          nicolae_vaults_trapezoid_lopsided_4,
          nicolae_vaults_storage_room_glass, nicolae_vaults_trapezoid_2,
          vaults_mumra_hex, nicolae_vaults_closet_pinwheel_1,
          vaults_room_semicircle, v_misc_9, nicolae_vaults_diamond_1,
          layout_vaults_omnicross
Vaults:2: grunt_tower_of_power, v_misc_28, minmay_crypt_entry_simple_box,
          v_pattern_5, nicolae_vaults_trapezoid_3, ontoclasm_vaults_spin,
          nicolae_vaults_trapezoid_layered, v_misc_13, layout_vaults_big_room,
          enter_trove_1
Vaults:3: v_pattern_2, nicolae_vaults_doubleplus_tesselated,
          nicolae_vaults_little_ls, v_misc_16, nicolae_vaults_network_s,
          nicolae_vaults_three_branches, nicolae_vaults_tetromino_Z_2,
          vaults_standard_mumra_lines, nicolae_vaults_apartment_1,
          hangedman_vaults_stagger, nicolae_vaults_ring_of_whatevers,
          nicolae_vaults_tangram_1, vaults_room_pools, nicolae_vaults_diamond_1,
          layout_vaults_ring
Vaults:4: nicolae_vaults_heart-shaped_vault, ontoclasm_vaults_loading_screen,
          nicolae_vaults_specimen_jars, vaults_room_stairs_pillars,
          nicolae_vaults_display_case, ontoclasm_vaults_pinch,
          vaults_room_stairs_pillars, layout_vaults_quadrants, serial_shops,
          nicolae_shop_gaudy_bauble, shop, uniq_sojobo, uniq_margery
Vaults:5: serial_shops
Crypt:1:  layout_basic, uniq_frederick
Crypt:2:  minmay_skeleton_keep, layout_regular_city, skrybe_necro_troll_1,
          uniq_grunn
Crypt:3:  church_of_pain_bobbens, layout_chaotic_city
Tomb:1
Depths:1: minmay_the_grid_triangle_9x9_recursive_2
          [minmay_the_grid_triangle_9x9_prize_center,
          minmay_the_grid_triangle_9x9_flanged_cone,
          minmay_the_grid_triangle_9x9_semitri,
          minmay_the_grid_triangle_9x9_corruption], layout_cave_pools,
          hell_entry, lemuel_statue_altar, nicolae_take_the_stairs,
          xom_teletrap_fun, serial_bayou_shore_b
Depths:2: evilmike_hourglass, layout_long_grid, grunt_pan_entry_in_and_out,
          hangedman_abyss_entry_splay, grunt_hell_entry_dis_old,
          uniq_enchantress
Depths:3: dreamdust_isle_of_ice, layout_gridville, enter_ziggurat_f,
          abyss_entry_small_statue_room, grunt_mini_vestibule,
          nicolae_gozag_seed_capital, drop_trap, hangedman_aviary,
          minmay_staircase_bubble, minmay_shop_star, serial_bayou_shore_b
Depths:4: evilmike_zot_entry_gauntlet, layout_cave_pools,
          pf_dread_powers_of_hell, grunt_pan_entry_zigzag,
          hellmonk_bongcloud_opening
Zot:1:    cheibrodos_zot_enchanting_chambers, layout_gridlike
Zot:2:    layout_onion, nicolae_diode_stairs
Zot:3:    lemuel_acid_trip, layout_cathedral_of_symmetry,
          st_single_dragon_hoard_1, hangedman_zot_decor_scrapings,
          uniq_josephina
Zot:4:    layout_basic, zot_minivault_1
Zot:5:    layout_gridville, st_stairs_1
Abyss:3:  base: Zot:2, minivault_22, minivault_13, evilmike_abyss_exit_glass,
          spicy_abyss_helpful_harpoons, evilmike_abyss_exit_mutagenic,
          nicolae_abyss_rune_left_handed

Skill      XL: |  1  2  3  4  5  6  7  8  9 10 11 12 13 14 15 16 17 18 19 20 21 22 23 24 25 26 27 |
---------------+----------------------------------------------------------------------------------+-----
Armour         | 1 2 3 4 5 6 8 9 10 12 13 14 15 16 17 18 19 20 21 22 25 | 25.3
Dodging        | 3 4 5 6 7 8 9 10 11 12 13 14 15 16 17 18 19 21 | 21.9
Fighting       | 3 4 5 6 7 8 10 11 12 13 14 15 16 17 18 19 20 21 22 25 | 25.3
Long Blades    | 4 5 6 7 8 10 11 13 14 16 17 18 19 20 21 22 23 27 | 27.0
Shields        | 6 9 11 13 14 16 17 18 19 20 25 | 25.1
Throwing       | |  2.0

Action                     |  1- 3 |  4- 6 |  7- 9 | 10-12 | 13-15 | 16-18 | 19-21 | 22-24 | 25-27 || total
---------------------------+-------+-------+-------+-------+-------+-------+-------+-------+-------++-------
  Melee: Long sword        |    67 |   243 |    87 |       |       |       |       |       |       ||   397
         Punch             |     1 |     2 |     3 |     8 |    14 |     6 |       |       |       ||    34
         Whip              |       |       |   197 |    82 |       |       |       |       |       ||   279
         Great sword       |       |       |       |   361 |  1006 |  1258 |  1672 |  1713 |  4429 || 10439
 Invoke: Serpent's Lash    |       |       |       |    11 |    23 |    21 |    27 |    18 |    26 ||   126
         Heavenly Storm    |       |       |       |       |       |     1 |     2 |       |       ||     3
Ability: Lunge             |       |     1 |    17 |    23 |    72 |   123 |   104 |   110 |   331 ||   781
         Whirlwind         |       |       |     4 |    63 |   364 |   260 |   553 |   573 |  1090 ||  2907
         Wall Jump         |       |       |       |     1 |     4 |     1 |       |     2 |     6 ||    14
         Shaft Self        |       |       |       |       |       |       |       |     1 |     1 ||     2
         Dig               |       |       |       |       |       |       |       |       |     2 ||     2
    Use: Scroll            |       |     9 |     8 |     1 |     4 |     6 |     5 |    13 |     8 ||    54
         Potion            |       |     2 |     3 |     2 |     3 |     1 |     9 |     2 |     6 ||    28
   Stab: Sleeping          |     2 |     4 |     3 |       |       |     3 |     2 |       |       ||    14
         Invisible         |       |       |       |     1 |       |       |       |       |       ||     1
         Confused          |       |       |       |       |       |       |     4 |       |       ||     4
         Distracted        |       |       |       |       |       |       |       |       |     1 ||     1
 Armour: Leather armour    |    23 |    57 |    62 |    12 |       |       |       |       |       ||   154
         Chain mail        |       |       |       |   119 |   273 |    78 |       |       |       ||   470
         Troll leather arm |       |       |       |       |       |    75 |    22 |       |       ||    97
         Storm dragon scal |       |       |       |       |       |       |   374 |   235 |   570 ||  1179
  Dodge: Dodged            |    55 |   155 |   262 |   360 |   624 |   774 |  1033 |   781 |  1786 ||  5830
  Block: Buckler           |       |       |       |       |       |    11 |       |       |       ||    11
         Kite shield       |       |       |       |       |       |   394 |  1140 |  1244 |  3340 ||  6118
         Reflection        |       |       |       |       |       |       |       |    23 |    71 ||    94
